 Dungeon Crawl Stone Soup version 0.23.2-40-g277498a001 (webtiles) character file.

Game seed: 10686974758327509999

106 Martska the Chiller (level 4, 0/32 HPs)
             Began as a Merfolk Ice Elementalist on Oct 2, 2019.
             Slain by a gnoll
             ... wielding a cursed -1 halberd
              (9 damage)
             ... on level 2 of the Dungeon.
             The game lasted 00:12:21 (3590 turns).

Martska the Chiller (Merfolk Ice Elementalist)      Turns: 3590, Time: 00:12:22

Health: 0/32       AC:  4    Str:  8    XL:     4   Next: 84%
Magic:  4/7        EV: 13    Int: 14    God:
Gold:   91         SH:  0    Dex: 15    Spells: 2/8 levels left

rFire    . . .     SeeInvis .   j - +0 spear
rCold    . . .     Gourm    .   (no shield)
rNeg     . . .     Faith    .   f - +0 leather armour
rPois    .         Spirit   .   (no helmet)
rElec    .         Reflect  .   (no cloak)
rCorr    .         Harm     .   l - +0 pair of gloves
MR       .....                  (no boots)
Stlth    ++........             (no amulet)
HPRegen  0.10/turn              (no ring)
MPRegen  0.10/turn              (no ring)

@: no status effects
A: change form in water, swift swim, stealthy swim
a: no special abilities


You were on level 2 of the Dungeon.
You were very hungry.

You visited 1 branch of the dungeon, and saw 3 of its levels.

You collected 91 gold pieces.

Inventory:

Hand Weapons
 b - a +1 dagger of pain
 e - a +0 short sword
 j - a +0 spear (weapon)
 r - a +0 spear
Armour
 a - a +0 robe
 f - a +0 leather armour (worn)
 l - a +0 pair of gloves (worn)
Scrolls
 d - 2 scrolls of identify {unknown}
 k - a scroll of blinking {unknown}
 o - a scroll of random uselessness {unknown}
 p - a scroll of remove curse {unknown}
 q - a scroll of teleportation {unknown}
Potions
 g - a potion of mutation {unknown}
 h - a potion of brilliance {unknown}
 i - a potion of magic {unknown}
 m - a potion of lignification {unknown}
 n - a potion of might {unknown}
Comestibles
 c - 4 rations


   Skills:
 * Level 1.4 Fighting
 - Level 0.2 Short Blades
 * Level 2.2 Polearms
 * Level 3.5 Dodging
 + Level 3.0 Stealth
 + Level 2.5 Spellcasting
 - Level 0.7 Conjurations
 + Level 4.0 Ice Magic


You had 2 spell levels left.
You knew the following spells:

 Your Spells              Type           Power        Failure   Level  Hunger
a - Freeze                Ice            ##..         6%          1    #......
b - Throw Frost           Conj/Ice       #.....       19%         2    ###....
c - Ozocubu's Armour      Chrm/Ice       #.......     41%         3    ###....

Your spell library contained the following spells:

 Spells                   Type           Power        Failure   Level  Hunger
 Throw Icicle             Conj/Ice       #.......     77%         4    #####..
 Summon Ice Beast         Ice/Summ       #.......     82%         4    #####..


Dungeon Overview and Level Annotations

Branches:
Dungeon (3/15)

Altars:


Message History

Ouch! That really hurt!
* * * LOW HITPOINT WARNING * * *
Casting: Freeze (safe; 6% risk of failure)
Confirm with . or Enter, or press ? or * to list all spells.
Aiming: Freeze (safe; 6% risk of failure)
Press: ? - help, Shift-Dir - straight line, f/p - gnoll
Aim: a gnoll, wielding a +0 whip of electrocution (heavily wounded)
You freeze the gnoll.
The gnoll is heavily wounded.
The gnoll barely misses you.
Casting: Freeze (safe; 6% risk of failure)
Confirm with . or Enter, or press ? or * to list all spells.
Aiming: Freeze (safe; 6% risk of failure)
Press: ? - help, Shift-Dir - straight line, f/p - gnoll
Aim: a gnoll, wielding a +0 whip of electrocution (heavily wounded)
You freeze the gnoll!
You kill the gnoll!
Your Stealth skill increases to level 3!
The gnoll hits you from afar with a cursed -1 halberd!
You die...

....................)>......##.#
......###.....####.#####.#####.#
#.....# #.....# #.......# #.#
#.##### #.....# #.......# #.#
#.# #.....# #.......#####.# #.#
#.....####.......#.....# #.#
########.........#r##### #.#
#.#.......#.# #.######
#@#.......#.# .......#
#.#.......#r# .......#
#g#.......#.# .......#
#.#.###.#.#.# .....).#
#g#.....#.#.# .......#
##.#######.#.# .......#
#..........#g# .......#
#........###g# .......#
##.♣♣♣♣♣......#


You could see 2 gnolls.

Vanquished Creatures
  2 gnolls (D:2)
  3 adders
  2 oozes
  4 dart slugs (D:1)
  A leopard gecko (D:2)
  4 giant cockroaches
  5 hobgoblins
  2 jackals (D:1)
  A quokka (D:2)
  2 bats
  6 goblins
  5 kobolds
  6 rats
43 creatures vanquished.

Vanquished Creatures (others)
  A leopard gecko (D:3)
  A hobgoblin (D:3)
2 creatures vanquished.

Grand Total: 45 creatures vanquished

Notes
Turn   | Place    | Note
-------+----------+-------------------------------------------
     0 | D:1      | Martska the Merfolk Ice Elementalist began the quest for
                  | the Orb.
     0 | D:1      | Reached XP level 1. HP: 13/13 MP: 3/3
    93 | D:1      | Reached XP level 2. HP: 15/19 MP: 1/5
   744 | D:1      | Reached XP level 3. HP: 21/24 MP: 6/6
  1136 | D:1      | Reached skill level 1 in Polearms
  2097 | D:2      | Reached XP level 4. HP: 31/31 MP: 4/7
  2181 | D:2      | Reached skill level 1 in Fighting
  2378 | D:3      | Reached skill level 4 in Ice Magic
  2382 | D:3      | Learned a level 2 spell: Throw Frost
  2386 | D:3      | Learned a level 3 spell: Ozocubu's Armour
  3590 | D:2      | Slain by a gnoll

Skill      XL: |  1  2  3  4 |
---------------+-------------+-----
Dodging        | 3 |  3.5
Polearms       | 1 2 |  2.2
Fighting       | 1 |  1.4
Ice Magic      | 4 |  4.0
Stealth        | 3 |  3.0
Short Blades   | |  0.2
Spellcasting   | |  2.5
Conjurations   | |  0.7

Action                   |  1- 3 |  4- 6 || total
-------------------------+-------+-------++-------
Melee: Dagger            |     8 |       ||     8
       Short sword       |    18 |       ||    18
       Spear             |    78 |    13 ||    91
 Cast: Freeze            |    28 |    13 ||    41
       Throw Frost       |       |    12 ||    12
 Stab: Sleeping          |     3 |       ||     3
  Eat: Chunk             |     2 |       ||     2
       Ration            |     1 |     1 ||     2
Armor: Robe              |     1 |       ||     1
       Leather armour    |    22 |    11 ||    33
Dodge: Dodged            |    76 |    17 ||    93
